 Dungeon Crawl Stone Soup version 0.24-a0-616-ge2a249a6fd (webtiles) character file.

Game seed: 442167794591569375, levelgen mode: deterministic

13 P0NYSLAYSTATION the Grave Robber (level 2, -2/19 HPs)
             Began as a Human Necromancer on Sept 14, 2019.
             Slain by a bullfrog zombie (5 damage)
             ... on level 2 of the Dungeon.
             The game lasted 00:07:05 (281 turns).

P0NYSLAYSTATION the Grave Robber (Human Necromancer) Turns: 281, Time: 00:07:05

Health: -2/19      AC:  3    Str:  8    XL:     2   Next: 50%
Magic:  5/5        EV: 12    Int: 15    God:
Gold:   38         SH:  0    Dex: 13    Spells: 3/5 levels left

rFire    . . .     SeeInvis .   d - -2 spear (curse)
rCold    . . .     Gourm    .   (no shield)
rNeg     . . .     Faith    .   b - +0 leather armour
rPois    .         Spirit   .   (no helmet)
rElec    .         Reflect  .   (no cloak)
rCorr    .         Harm     .   (no gloves)
MR       .....                  (no boots)
Stlth    ++........             (no amulet)
HPRegen  0.06/turn              (no ring)
MPRegen  0.09/turn              (no ring)

@: no status effects
A: no striking features
a: no special abilities


You were on level 2 of the Dungeon.
You were not hungry.

You visited 1 branch of the dungeon, and saw 2 of its levels.

You collected 38 gold pieces.

Inventory:

Hand Weapons
 d - a cursed -2 spear (weapon)
 e - a +0 short sword
Armour
 a - a +0 robe
 b - a +0 leather armour (worn)
Comestibles
 c - a ration
 f - 6 chunks of flesh


   Skills:
 * Level 0.8 Polearms
 * Level 1.0 Armour
 + Level 2.0 Dodging
 + Level 2.0 Stealth
 + Level 2.0 Spellcasting
 + Level 4.2 Necromancy


You had 3 spell levels left.
You knew the following spells:

 Your Spells              Type           Power        Failure   Level  Hunger
a - Pain                  Necr           ##..         5%          1    #......
b - Animate Skeleton      Necr           N/A          5%          1    #......

Your spell library contained the following spells:

 Spells                   Type           Power        Failure   Level  Hunger
 Vampiric Draining        Necr           ##........   17%         3    ###....
 Regeneration             Chrm/Necr      #.........   36%         3    ###....
 Animate Dead             Necr           N/A          50%         4    #####..


Dungeon Overview and Level Annotations

Branches:
Dungeon (2/15)

Altars:


Message History

The bullfrog zombie hits you.
Your quokka skeleton bites the bullfrog zombie.
You are too injured to fight recklessly!
You hit the bullfrog zombie.
The bullfrog zombie is heavily damaged.
The bullfrog zombie hits you but does no damage.
Your quokka skeleton closely misses the bullfrog zombie.
You hit the bullfrog zombie but do no damage.
The bullfrog zombie is heavily damaged.
The bullfrog zombie hits you. x2
Your quokka skeleton bites the bullfrog zombie.
Some of the chunks of flesh in your inventory have rotted away.
You barely miss the bullfrog zombie.
The bullfrog zombie is heavily damaged.
The bullfrog zombie hits you.
* * * LOW HITPOINT WARNING * * *
Your quokka skeleton barely misses the bullfrog zombie.
Your quokka skeleton closely misses the bullfrog zombie.
The bullfrog zombie hits you.
You die...

####### #.......#
#.......#
#.......#
#.......#
#.......#
........###
........ZZ#
#####.@#...#
#..###<....
#....#####..
#########...###..
.................
#................
..##...##...#.##
..###
###......#...
.....#
####............


You could see a bullfrog zombie and a friendly quokka skeleton.

Vanquished Creatures
  A leopard gecko (D:1)
  A bat (D:1)
  A goblin (D:1)
  2 hobgoblins (D:1)
  A quokka (D:2)
  2 kobolds (D:1)
8 creatures vanquished.

Vanquished Creatures (collateral kills)
  A dart slug (D:1)
1 creature vanquished.

Grand Total: 9 creatures vanquished

Notes
Turn   | Place    | Note
-------+----------+-------------------------------------------
     0 | D:1      | P0NYSLAYSTATION the Human Necromancer began the quest for
                  | the Orb.
     0 | D:1      | Reached XP level 1. HP: 13/13 MP: 3/3
    71 | D:1      | Reached XP level 2. HP: 11/19 MP: 5/5
   221 | D:1      | Learned a level 1 spell: Animate Skeleton
   234 | D:1      | Reached skill level 1 in Armour
   281 | D:2      | Slain by a bullfrog zombie

Levels and vault maps discovered:
D:1:      dpeg_arrival_rooms_c, layout_basic, minivault_23, minmay_heptomino_o4
D:2:      wad_woods_stonehenge, layout_rooms, grunt_gozag_breadcrumbs

Skill      XL: |  1  2 |
---------------+-------+-----
Armour         | 1 |  1.0
Polearms       | |  0.8
Dodging        | |  2.0
Stealth        | |  2.0
Spellcasting   | |  2.0
Necromancy     | |  4.2

Action                   || total
-------------------------++-------
Melee: Spear             ||    35
 Cast: Pain              ||     3
       Animate Skeleton  ||     2
Armor: Leather armour    ||     7
Dodge: Dodged            ||    15

Table legend:
 A = Non-vault XP
 B = Vault XP
 C = Vault XP percentage of total XP
 D = Non-vault monster count
 E = Vault monster count
 F = Vault count percentage of total count
                 A         B        C        D         E       F
            +---------+---------+-------+---------+---------+-------
      Total |      17 |       2 |  10.5 |       8 |       1 |  11.1
            +---------+---------+-------+---------+---------+-------
        D:1 |      17 |       0 |   0.0 |       8 |       0 |   0.0
        D:2 |       0 |       2 | 100.0 |       0 |       1 | 100.0
            +---------+---------+-------+---------+---------+-------
